 Dungeon Sprint DCSS version 0.18-a0-1788-g92de1ac (webtiles) character file.

32718 wvc the Slayer (level 14, -7/138 HPs)
             Began as a Formicid Fighter on Apr 19, 2016.
             Was the Champion of Cheibriados.
             Shot with a bolt by a yaktaur captain (35 damage)
             ... in the Dungeon (Sprint IX: "|||||||||||||||||||||||||||||").
             The game lasted 00:18:26 (3436 turns).

wvc the Slayer (Formicid Fighter)                   Turns: 3436, Time: 00:18:26

Health: -7/138     AC: 24    Str: 36    XL:     14   Next: 4%
Magic:  7/21       EV: 30    Int: 24    God:    Cheibriados [******]
Gold:   201        SH: 16    Dex: 29    Spells: 0 memorised, 13 levels left

rFire  . . .     SeeInvis +     q - +9 quarterstaff (distort)
rCold  + . .     Gourm    .     z - +7 Kryia's mail coat {DeviceHeal*2 rC+}
rNeg   . . .     Faith    .     c - +0 shield
rPois  +         Spirit   .     (helmet unavailable)
rElec  .         Dismiss  .     F - +1 cloak {MR+}
rCorr  .         Reflect  .     r - +0 pair of gloves
SustAt .         Harm     .     E - +1 pair of boots
MR     ++...                    (no amulet)
Stlth  +.........               C - ring of poison resistance
                                t - +2 ring of evasion

@: very slow, very resistant to hostile enchantments, very unstealthy
A: permanent stasis, dig shafts and tunnels, four strong arms, antennae 3
a: Dig, Bend Time, Temporal Distortion, Slouch, Step From Time, Renounce
Religion


You were in the Dungeon.
You worshipped Cheibriados.
Cheibriados was exalted by your worship.
You were full.

You visited 1 branch You collected 1677 gold pieces.
You spent 1476 gold pieces at shops.

Inventory:

Hand Weapons
 p - a +2 halberd of protection
 q - a +9 quarterstaff of distortion (weapon)
 D - the +7 spear of Disembowelment {drain, Int+3}
   (You found it in the Dungeon)

   A truly terrible weapon, it drains the life of those it strikes.
   It affects your intelligence (+3).
Armour
 c - a +0 shield (worn)
 r - a +0 pair of gloves (worn)
 z - the +7 Kryia's mail coat (worn) {DeviceHeal*2 rC+}
   (You bought it in a shop in the Dungeon)

   It protects you from cold.
 E - a +1 pair of boots (worn)
 F - a +1 cloak of magic resistance (worn)
Jewellery
 t - a +2 ring of evasion (left hand)
 u - a +3 ring of strength
 A - an uncursed amulet of magic regeneration
 B - an uncursed ring of fire
 C - a ring of poison resistance (right hand)
Wands
 o - a wand of lightning (6/15)
Scrolls
 a - 2 scrolls of identify
 b - 2 scrolls of recharging
 m - 3 scrolls of remove curse
 n - 2 scrolls of amnesia
 w - 2 scrolls of immolation
 x - a scroll of enchant weapon
 y - a scroll of enchant armour
 G - a scroll of fog
Potions
 d - a potion of might
 e - a potion of curing
 h - 2 potions of cure mutation
 i - 4 potions of magic
 j - a potion of lignification
Comestibles
 f - 13 bread rations
 k - 30 fruits
 v - 12 meat rations


   Skills:
 + Level 21.6 Fighting
 - Level 8.1(11.2) Polearms
 - Level 12.3(13.2) Staves
 + Level 17.0 Armour
 + Level 14.5 Dodging
 - Level 11.7 Shields
 - Level 9.3 Invocations


You had 13 spell levels left.
You didn't know any spells.

Dungeon Overview and Level Annotations

Branches:
Dungeon (1/1)

Altars:
Cheibriados
Dithmenos
Elyvilon
Fedhas
Gozag
Kikubaaqudgha
Makhleb
Nemelex Xobeh
Okawaru
Pakellas
Qazlal
Ru
Sif Muna
Trog
Vehumet
Xom
Yredelemnul
Zin
The Shining One
Beogh
Jiyva
Lugonu

Shops:
D ?[(?

Annotations:
D Azrael, Erica, Maud


Innate Abilities, Weirdness & Mutations

You are under a permanent stasis effect.
You can dig through walls and to a lower floor.
Your four strong arms can wield two-handed weapons with a shield.
You have a pair of large antennae on your head (SInv).


Message History

You kill the cyan ugly thing!
Cheibriados appreciates the change of pace.
A yaktaur captain comes into view.
The yaktaur captain shouts!
The yaktaur captain wields an arbalest.
The yaktaur captain shoots a bolt.
The bolt closely misses you.
Items here: ( ) [ †† a bolt; a broad axe of venom; a plate armour; an ugly thing corpse a human corpse The yaktaur captain shoots a bolt.
You block the bolt.
You see here a bolt.
The yaktaur captain shoots a bolt.
The bolt hits you!!
* * * LOW HITPOINT WARNING * * *
Things that are here:
an uncursed arbalest; 16 bolts; a yaktaur corpse The yaktaur captain shoots a bolt.
You block the bolt.
You see here a bolt.
You can feel time thicken for a moment.
You feel somewhat less full.
The yaktaur captain shoots a bolt.
The bolt hits you!!
You die...

.▓.▓)▓.▓[▓.♣)♣)▓.▓,*,*,*,*,*,*,*,
†▓.▓)▓.▓[▓.♣.♣.▓.▓,*,*,*,*,*,*,*,
.▓.▓)▓.▓.▓.♣)♣.▓{▓,*,*,*,*,*,*,*,
.▓.▓)▓.▓!▓.♣.♣.▓.▓,*,*,*,*,*,*,*,
.▓.▓)▓.▓.▓.♣.♣.▓.▓,*,*,*,*,*,*,*,
.▓.▓.▓.▓!▓{▓'▓.▓.▓,*,*,*+*,*,*,*,
.▓.▓)▓.▓.▓.▓.▓.▓+▓,*,*,*,*,*+*,*,
.▓.▓.▓.▓.▓.▓.▓.▓(▓,*,*,*,*,*,*,*,
.▓.▓.▓.▓?▓.▓.▓.▓@▓,*,*,*,*,*,*,*,
.▓.▓)▓.▓.▓.▓.▓.▓)▓,*,*,*,*,*,*,*,
.▓.▓)▓.▓.▓.▓(▓.▓.▓,*,*,*,*,*,*,*,
÷▓.▓.▓.▓.▓.▓)▓.▓(▓,*,*,*,*,*,*,*,
.▓.▓.▓.▓'▓.▓.▓{▓(▓,*,*,*,*,*,*,*,
.▓.▓)▓.▓.▓.▓.▓.▓)▓,*,*,*,*,*,*,*,
.▓.▓.▓.▓.▓.▓.▓.▓.▓,*,*,*,*,*,*,*,
.▓.▓)▓.▓)▓.▓(▓.▓c▓,*,*,*,*,*,*,*,
.▓.▓∩▓.▓(▓.▓)▓.▓)▓,*,*,*,*,*,*,*,


You could see a yaktaur captain.

Vanquished Creatures
  Donald (D)
  A vault warden (D)
  A spark wasp (D)
  A fire dragon (D)
  A yaktaur captain (D)
  A great orb of eyes (D)
  2 naga warriors (D)
  An entropy weaver (D)
  An anaconda (D)
  2 centaur warriors (D)
  3 ogre magi (D)
  2 deep troll earth magi (D)
  A naga sharpshooter (D)
  A spriggan berserker (D)
  A giant orange brain (D)
  An ironbrand convoker (D)
  A harpy (D)
  2 wolf spiders (D)
  An orb spider (shapeshifter) (D)
  An orb spider (D)
  A manticore (D)
  2 orc sorcerers (D)
  2 ugly things (D)
  A water nymph (D)
  A siren (D)
  4 elephants (D)
  A naga mage (D)
  A spiny frog (D)
  A komodo dragon (D)
  A yaktaur (D)
  A rime drake (shapeshifter) (D)
  A tengu conjurer (D)
  4 two-headed ogres (D)
  A slime creature (D)
  A redback (D)
  2 tarantellas (D)
  A wraith (D)
  2 water elementals (D)
  A yak (D)
  A fire elemental (D)
  Grum (D)
  A vampire mosquito (D)
  A mottled dragon (D)
  3 hell hounds (D)
  A naga (D)
  3 water moccasins (D)
  A swamp drake (D)
  3 porcupines (D)
  6 orc warriors (D)
  A sky beast (D)
  A black bear (shapeshifter) (D)
  An eye of draining (shapeshifter) (D)
  2 ice beasts (D)
  4 ogres (D)
  A phantom (D)
  2 wolves (D)
  A centaur (D)
  2 giant frogs (D)
  A killer bee (D)
  A crimson imp (D)
  A hound (D)
  5 orc priests (D)
  2 iguanas (D)
  5 orc wizards (D)
  3 worker ants (D)
  An adder (D)
  2 river rats (D)
  A shadow imp (D)
  An adder zombie (D)
  An adder skeleton (D)
  A dart slug (D)
  A giant gecko (D)
  7 orcs (D)
  A giant cockroach (D)
  A hobgoblin (D)
  A kobold (D)
  2 rats (D)
129 creatures vanquished.

Vanquished Creatures (others)
  A fire giant (D)
  A great orb of eyes (D)
  A hydra (D)
  A ghost crab (D)
  A centaur warrior (D)
  A naga sharpshooter (D)
  An ugly thing (D)
  An elephant (D)
  A spiny frog (D)
  2 spriggans (D)
  A hippogriff (D)
  An insubstantial wisp (D)
  A hell hound (D)
  2 wasps (D)
  An ogre (D)
17 creatures vanquished.

Grand Total: 146 creatures vanquished

Notes
Turn   | Place    | Note
--------------------------------------------------------------
     0 | D        | wvc the Formicid Fighter began the quest for the Orb.
     0 | D        | Reached XP level 1. HP: 18/18 MP: 1/1
     0 | D        | namelastname112: давай арену лучше
     0 | D        | wvc: а там что делать нужно?
     0 | D        | namelastname112: убивать
     0 | D        | wvc: щас, здесь сольюсь
    18 | D        | Reached XP level 2. HP: 17/24 MP: 2/2
    20 | D        | namelastname112: арена это самый веселый спринт, как по мне
    20 | D        | namelastname112: тебе дают топор
    20 | D        | namelastname112: который валит все с одного дара
    20 | D        | namelastname112: удара*
    20 | D        | namelastname112: дают алтарь хлеба
    20 | D        | namelastname112: и дохулион оче злых мобов
   113 | D        | Reached XP level 3. HP: 25/29 MP: 3/3
   134 | D        | Reached XP level 4. HP: 8/35 MP: 4/4
   501 | D        | Found a glowing silver altar of Zin.
   501 | D        | Found a glowing golden altar of the Shining One.
   501 | D        | Found an ancient bone altar of Kikubaaqudgha.
   501 | D        | Found a basalt altar of Yredelemnul.
   501 | D        | Found a shimmering altar of Xom.
   501 | D        | Found a radiant altar of Vehumet.
   502 | D        | Found an iron altar of Okawaru.
   503 | D        | Found a burning altar of Makhleb.
   504 | D        | Found a deep blue altar of Sif Muna.
   505 | D        | Found a bloodstained altar of Trog.
   506 | D        | Found a sparkling altar of Nemelex Xobeh.
   507 | D        | Found a white marble altar of Elyvilon.
   508 | D        | Found a roughly hewn altar of Beogh.
   509 | D        | Found a viscous altar of Jiyva.
   510 | D        | Found a corrupted altar of Lugonu.
   511 | D        | Found a blossoming altar of Fedhas.
   512 | D        | Found a snail-covered altar of Cheibriados.
   513 | D        | Found a shadowy altar of Dithmenos.
   514 | D        | Found a stormy altar of Qazlal.
   515 | D        | Found an opulent altar of Gozag.
   516 | D        | Found a sacrificial altar of Ru.
   517 | D        | Found an oddly glowing altar of Pakellas.
   520 | D        | Became a worshipper of Cheibriados the Contemplative
   582 | D        | Noticed a sky beast
   585 | D        | Reached skill level 1 in Staves
   588 | D        | Reached * piety under Cheibriados
   588 | D        | Reached XP level 5. HP: 41/41 MP: 5/5
   591 | D        | Reached skill level 5 in Staves
   592 | D        | Reached ** piety under Cheibriados
   599 | D        | Killed a sky beast
   599 | D        | Reached XP level 6. HP: 47/47 MP: 6/6
   607 | D        | Noticed a manticore
   607 | D        | Noticed a komodo dragon
   607 | D        | Noticed a phantom
   607 | D        | Noticed an ice beast
   615 | D        | Killed a komodo dragon
   615 | D        | Reached XP level 7. HP: 24/52 MP: 7/7
   620 | D        | Reached *** piety under Cheibriados
   625 | D        | Reached **** piety under Cheibriados
   626 | D        | Killed a manticore
   626 | D        | Reached XP level 8. HP: 43/58 MP: 8/8
   828 | D        | Noticed a spiny frog
   835 | D        | Killed a spiny frog
   835 | D        | Reached ***** piety under Cheibriados
   835 | D        | Reached skill level 5 in Fighting
   835 | D        | Reached skill level 5 in Armour
   835 | D        | Reached XP level 9. HP: 68/68 MP: 9/9
   846 | D        | Noticed a four-headed hydra
   846 | D        | Reached skill level 6 in Fighting
   859 | D        | Banished a four-headed hydra
   859 | D        | Reached skill level 8 in Fighting
   862 | D        | Reached ****** piety under Cheibriados
   862 | D        | Reached skill level 9 in Fighting
   878 | D        | Noticed a spiny frog
   882 | D        | Reached skill level 10 in Armour
   887 | D        | Banished a spiny frog
   887 | D        | Reached skill level 10 in Fighting
   887 | D        | Reached XP level 10. HP: 85/85 MP: 10/10
   893 | D        | Reached skill level 5 in Dodging
   933 | D        | Noticed an elephant
   933 | D        | Noticed an elephant
   933 | D        | Noticed an elephant
   933 | D        | Noticed an elephant
   933 | D        | Noticed an elephant
   933 | D        | Noticed an elephant
   935 | D        | Killed an elephant
   935 | D        | Reached skill level 11 in Fighting
   936 | D        | Noticed an elephant
   939 | D        | Noticed an elephant
   947 | D        | Killed an elephant
   956 | D        | Killed an elephant
   963 | D        | Killed an elephant
   963 | D        | Reached skill level 12 in Fighting
   967 | D        | Banished an elephant
  1245 | D        | Noticed Erica
  1288 | D        | Reached skill level 1 in Invocations
  1363 | D        | Noticed an orc sorcerer
  1363 | D        | Noticed an orc sorcerer
  1366 | D        | Killed an orc sorcerer
  1366 | D        | Reached XP level 11. HP: 96/96 MP: 8/16
  1366 | D        | Killed an orc sorcerer
  1377 | D        | Noticed an orc knight
  1454 | D        | Found Weotuad's Magic Scroll Emporium.
  1454 | D        | Noticed an ogre mage
  1454 | D        | Noticed an ogre mage
  1464 | D        | Killed an ogre mage
  1464 | D        | Reached skill level 13 in Fighting
  1469 | D        | Killed an ogre mage
  1475 | D        | Reached skill level 14 in Fighting
  1484 | D        | Noticed an ogre mage
  1487 | D        | Found Wyleamex's Antique Armour Shoppe.
  1496 | D        | Found Kiqof's Weapon Emporium.
  1498 | D        | Killed an ogre mage
  1501 | D        | Found Mapask's Magic Scroll Shoppe.
  1509 | D        | Noticed an ogre mage
  1529 | D        | Bought a scroll of immolation for 49 gold pieces
  1529 | D        | Bought a scroll of immolation for 49 gold pieces
  1529 | D        | Bought a scroll of enchant weapon for 105 gold pieces
  1535 | D        | Bought a scroll of enchant armour for 82 gold pieces
  1535 | D        | Bought a scroll of enchant weapon for 82 gold pieces
  1557 | D        | Bought a scroll of magic mapping for 49 gold pieces
  1560 | D        | Bought the +7 Kryia's mail coat {DeviceHeal*2 rC+} for 1060 gold pieces
  1642 | D        | Noticed Grum
  1650 | D        | Killed Grum
  1650 | D        | Reached skill level 15 in Fighting
  1709 | D        | Got the +7 spear of Disembowelment {drain, Int+3}
  1766 | D        | Noticed a hill giant
  1766 | D        | Noticed a centaur warrior
  1780 | D        | Noticed an entropy weaver
  1782 | D        | Noticed a stone giant
  1783 | D        | Killed a centaur warrior
  1788 | D        | Reached XP level 12. HP: 85/111 MP: 5/19
  1789 | D        | Noticed an entropy weaver
  1800 | D        | Noticed a giant orange brain
  1802 | D        | HP: 1/111 [entropy weaver (9)]
  1816 | D        | Killed a giant orange brain
  1816 | D        | Reached skill level 16 in Fighting
  2017 | D        | Noticed an emperor scorpion
  2017 | D        | Noticed an emperor scorpion
  2051 | D        | Reached skill level 15 in Armour
  2380 | D        | Noticed a spriggan rider
  2380 | D        | Noticed a ghost crab
  2381 | D        | Noticed a spriggan rider
  2388 | D        | Killed a spriggan rider
  2396 | D        | Banished a ghost crab
  2396 | D        | Reached skill level 17 in Fighting
  2408 | D        | Noticed a sea snake
  2671 | D        | Noticed a naga warrior
  2671 | D        | Noticed a naga sharpshooter
  2671 | D        | Noticed a naga warrior
  2671 | D        | Noticed an anaconda
  2671 | D        | Noticed a naga warrior
  2672 | D        | Noticed a shock serpent
  2681 | D        | Killed a naga warrior
  2681 | D        | Reached skill level 18 in Fighting
  2681 | D        | Reached skill level 10 in Dodging
  2689 | D        | Noticed a naga sharpshooter
  2701 | D        | Killed an anaconda
  2724 | D        | Killed a naga warrior
  2727 | D        | Banished a naga sharpshooter
  2938 | D        | Killed a naga sharpshooter
  2938 | D        | Reached XP level 13. HP: 118/124 MP: 20/20
  2958 | D        | Noticed Maud
  2973 | D        | Noticed Donald
  2980 | D        | Killed Donald
  2980 | D        | Reached skill level 19 in Fighting
  2988 | D        | Noticed Azrael
  3042 | D        | Noticed a frost giant
  3042 | D        | Noticed a spark wasp
  3042 | D        | Noticed an entropy weaver
  3042 | D        | Noticed a yaktaur captain
  3048 | D        | Killed a spark wasp
  3051 | D        | Killed an entropy weaver
  3053 | D        | Noticed a great orb of eyes
  3054 | D        | Noticed a yaktaur captain
  3057 | D        | Noticed a juggernaut
  3060 | D        | Noticed a purple very ugly thing
  3074 | D        | Noticed an ogre mage
  3075 | D        | Banished a great orb of eyes
  3077 | D        | Noticed a fire giant
  3081 | D        | Noticed a fire dragon
  3084 | D        | Noticed an ettin
  3090 | D        | Banished a purple very ugly thing
  3090 | D        | Reached skill level 20 in Fighting
  3096 | D        | Banished a fire giant
  3108 | D        | Killed a fire dragon
  3383 | D        | Noticed a great orb of eyes
  3383 | D        | Noticed a centaur warrior
  3383 | D        | Noticed a yaktaur captain
  3389 | D        | Killed a great orb of eyes
  3391 | D        | Noticed a yaktaur captain
  3394 | D        | Banished a centaur warrior
  3396 | D        | Noticed an ice dragon
  3402 | D        | Killed a yaktaur captain
  3402 | D        | Reached skill level 21 in Fighting
  3406 | D        | Noticed a vault warden
  3421 | D        | Noticed a centaur warrior
  3428 | D        | Killed a vault warden
  3428 | D        | Killed a centaur warrior
  3428 | D        | Reached XP level 14. HP: 41/138 MP: 15/21
  3436 | D        | Shot with a bolt by a yaktaur captain

Vault maps used:
D:        linesprint

Skill      XL: |  1  2  3  4  5  6  7  8  9 10 11 12 13 |
---------------+----------------------------------------+-----
Polearms       | 4 6 8 |  8.1
Staves         | 4 9 12 | 12.3
Shields        | 11 | 11.7
Armour         | 5 10 12 14 15 17 | 17.0
Fighting       | 5 10 12 15 18 21 | 21.6
Dodging        | 2 4 5 7 11 14 | 14.5
Invocations    | 6 9 |  9.3

Action                   |  1- 3 |  4- 6 |  7- 9 | 10-12 | 13-15 || total
-------------------------+-------+-------+-------+-------+-------++-------
Melee: Trident           |    46 |     2 |       |       |       ||    48
       Quarterstaff      |       |    23 |    53 |   294 |   128 ||   498
Invok: Slouch            |       |       |       |     6 |     3 ||     9
Evoke: Wand              |       |       |       |       |     1 ||     1
  Use: Potion            |       |       |     2 |     5 |     6 ||    13
       Scroll            |       |       |     2 |     4 |       ||     6
 Stab: Invisible         |       |       |       |       |     7 ||     7
  Eat: Chunk             |       |       |       |     2 |       ||     2
       Fruit             |       |       |       |    10 |       ||    10
Armor: Scale mail        |    13 |       |       |    39 |    21 ||    73
       Chain mail        |       |    11 |    10 |    14 |       ||    35
Dodge: Dodged            |     9 |     3 |     9 |   104 |    64 ||   189
Block: Shield            |    13 |     6 |    22 |   186 |    66 ||   293
